Unix NetHack Version 3.7.0-102 Work-in-progress - last build Apr 6 2024 13:22:21 (d302a6a9ff6341f1a922d8f5af178406b35fdf99,branch:master). Game began 2024-04-13 09:17:23, ended 2024-04-13 09:21:13. Raisse, lawful female dwarven Archeologist -+-+- #|.>.| ------- # #....| -------------- |...^*| # # #....| |......<.....| ###########-...^{.################# 0########-..-- |.............## #|.....| ################### |............| #-----.- # ## ------|------- # ## ## # ## # ----------- # ####### ## ###### |.....(...-# # ---------.----- ## --------.--- |.........|# # |..............##### |..........-# |.........|## ---.------ |....*........| |..........|#### |.........| # |........| |.............. |..........|#####|.........| ###|........| |.......(.....| ------------ ##.hF.......| #|........| |.............| #----------- #|(.......| ------.-------- ### #-........| |........| ---------- Raisse the Field Worker St:12 Dx:12 Co:13 In:16 Wi:11 Ch:11 Lawful Dlvl:3 $:1300 HP:0(32) Pw:16(16) AC:9 Xp:3/52 T:1467 Latest messages: You start digging. You hit the rock with all your might. You succeed in cutting away some rock. You start digging. You hit the rock with all your might. You succeed in cutting away some rock. You start digging. You hit the rock with all your might. You succeed in cutting away some rock. You are beginning to feel hungry. You start digging. You hit the rock with all your might. You succeed in cutting away some rock. $ - 19 gold pieces (1266 in total). What do you want to eat? [eiowz or ?*] e This food really hits the spot! You finish eating the food ration. You start digging. You hit the rock with all your might. You succeed in cutting away some rock. $ - 18 gold pieces (1284 in total). You see here a fortune cookie. D - a fortune cookie. $ - 16 gold pieces (1300 in total). That door is closed. That door is closed. The door opens. You miss the manes. You destroy the manes! You hit the manes. You start digging. You hit the rock with all your might. You stop digging. The manes hits! The manes hits again! The manes bites! You destroy the manes! You miss the brown mold. You are suddenly very cold! You hit the brown mold. You miss the brown mold. You are suddenly very cold! You miss the brown mold. You hit the brown mold. You are suddenly very cold! You hit the brown mold. You are suddenly very cold! You die... Do you want your possessions identified? [ynq] (y) y Do you want to see your attributes? [ynq] (y) q Inventory: Coins $ - 1300 gold pieces Weapons a - an uncursed +2 bullwhip (alternate weapon; not wielded) Armor A - an uncursed +0 leather jacket (being worn) H - an uncursed +0 fedora (being worn) Comestibles e - 3 uncursed food rations i - an uncursed strange object o - an uncursed lembas wafer w - an uncursed tin of boiled newt meat z - an uncursed candy bar labeled "Wonka Bar" D - an uncursed fortune cookie Scrolls y - an uncursed scroll of identify Rings j - an uncursed ring of aggravate monster Wands v - an uncursed wand of secret door detection (0:12) Tools d - an uncursed +0 pick-axe (weapon in right hand) l - an uncursed tinning kit (0:48) x - an empty uncursed sack Gems/Stones t - an uncursed touchstone Raisse the Archeologist's attributes: Background: You were a Field Worker, a level 3 female dwarven Archeologist. You were lawful, nominally on a mission for Quetzalcoatl who was opposed by Camaxtli (neutral) and Huhetotl (chaotic). You were right-handed. You were in the Dungeons of Doom, on level 3. You entered the dungeon 1467 turns ago. You had 52 experience points, 28 more were needed to attain level 4. Basics: You had 0 out of 32 hit points. You had all 16 energy points (spell power). Your armor class was 9. Your wallet contained 1300 zorkmids. Autopickup was on for '$!?/"=+' plus thrown, with exceptions. Final Characteristics: Your strength was 12 (limit:18/100). Your dexterity was 12 (limit:20). Your constitution was 13 (limit:20). Your intelligence was 16 (limit:16). Your wisdom was 11 (limit:16). Your charisma was 11 (limit:16). Final Status: You weren't hungry. You were unencumbered. You were wielding a pick-axe. You had basic skill with pick-axe. Final Attributes: You were devoutly aligned. You had automatic searching. You had infravision. You are dead. Miscellaneous: You never encountered a bones level. Total elapsed playing time was 3 minutes and 50 seconds. Major events: Turn 1: Raisse the lawful female dwarven Archeologist entered the dungeon 1247: attained the rank of Field Worker (level 3) 1467: killed by a brown mold Vanquished creatures: an acid blob 2 coyotes a gas spore 2 manes a gecko a jackal a fox 2 kobolds a goblin 2 grid bugs a lichen 3 newts 18 creatures vanquished. No species were genocided or became extinct. Voluntary challenges: You were an atheist. You were illiterate. You never engraved Elbereth. You never genocided any monsters. You never polymorphed an object. You never changed form. You used no wishes. Achievement: You attained the rank of Field Worker. The Dungeons of Doom: levels 1 to 4 Level 1: Level 2: Level 3: <- You were here. A fountain. Final resting place for you, killed by a brown mold. Level 4: Game over: ---------- / \ / REST \ / IN \ / PEACE \ / \ | Raisse | | 1300 Au | | killed by a | | brown mold | | | | | | 2024 | *| * * * | * _________)/\\_//(\/(/\)/\//\/|_)_______ Goodbye Raisse the Archeologist... You died in The Dungeons of Doom on dungeon level 3 with 1558 points, and 1300 pieces of gold, after 1467 moves. You were level 3 with a maximum of 32 hit points when you died.